[Event "ICC Open 2015"]
[Site "Internet Chess Club"]
[Date "2015.05.30"]
[Round "2"]
[White "fredericton"]
[Black "JRussell2"]
[Result "1-0"]
[ICCResult "Black resigns"]
[WhiteElo "1786"]
[BlackElo "1258"]
[Opening "Sicilian: Smith-Morra gambit"]
[ECO "B32"]
[NIC "SI.48"]
[Time "14:16:35"]
[TimeControl "180+0"]

1. e4 c5 2. d4 cxd4 3. Nf3 Nc6 4. Bc4 e6 5. O-O Nf6 6. e5 Nd5 7. Bxd5 exd5
8. Nxd4 Nxd4 9. Qxd4 Be7 10. Nc3 O-O 11. Nxd5 Re8 12. Bf4 Bg5 13. Bg3 d6 14.
exd6 Bf6 15. Nxf6+ Qxf6 16. Rad1 Rd8 17. Qxf6 gxf6 18. Rfe1 Be6 19. b3 Rd7
20. c4 b6 21. Rd2 Rad8 22. h3 Kf8 23. Red1 Ke8 24. Bh4 Rc8 25. Bxf6 Rc6 26.
g4 Kf8 27. f4 Rd8 28. Bxd8 {Black resigns} 1-0

[Event "ICC Open 2015"]
[Site "Internet Chess Club"]
[Date "2015.05.30"]
[Round "2"]
[White "JOHEL"]
[Black "Discoverchess"]
[Result "0-1"]
[ICCResult "White checkmated"]
[WhiteElo "1611"]
[BlackElo "2438"]
[Opening "French: Chigorin variation"]
[ECO "C00"]
[NIC "FR.01"]
[Time "14:16:20"]
[TimeControl "180+0"]

1. e4 e6 2. Qe2 c5 3. g3 Nc6 4. Nf3 g6 5. Bg2 Bg7 6. O-O Nge7 7. c3 O-O 8.
d3 d6 9. Be3 e5 10. Rd1 b6 11. h3 Bb7 12. d4 cxd4 13. cxd4 Nb4 14. a3 Nbc6
15. d5 Nb8 16. Nc3 Nd7 17. Rac1 a6 18. b4 h6 19. Na4 f5 20. exf5 gxf5 21.
Qd2 Kh7 22. Nh4 b5 23. Nc3 Rc8 24. Qd3 e4 25. Nxe4 Ne5 26. Qb1 Rxc1 27. Rxc1
fxe4 28. Bxe4+ Kh8 29. f4 Nc4 30. Ng6+ Nxg6 31. Bxg6 Nxe3 32. Re1 Bd4 33.
Kh2 Qf6 34. f5 Bxd5 35. Qc1 Qxg6 36. fxg6 Rf2+ 37. Kg1 Rg2+ 38. Kh1 Rxg3+
39. Kh2 Rg2+ 40. Kh1 Rc2+ 41. Kg1 Ng4+ 42. Kf1 Nh2# {White checkmated} 0-1

[Event "ICC Open 2015"]
[Site "Internet Chess Club"]
[Date "2015.05.30"]
[Round "2"]
[White "RaptureMan"]
[Black "aplusk"]
[Result "0-1"]
[ICCResult "White resigns"]
[WhiteElo "2222"]
[BlackElo "2869"]
[Opening "Owen defense"]
[ECO "B00"]
[NIC "VO.01"]
[Time "14:15:29"]
[TimeControl "180+0"]

1. e4 b6 2. d4 Bb7 3. Nc3 e6 4. Bd3 g6 5. Nf3 Bg7 6. O-O Ne7 7. Be3 O-O 8.
Qd2 d6 9. Bh6 Nd7 10. Rfe1 a6 11. Rad1 b5 12. a3 e5 13. Bxg7 Kxg7 14. h4 f6
15. Be2 h6 16. Qe3 Qe8 17. dxe5 fxe5 18. Nd5 Nxd5 19. exd5 Qf7 20. Qd2 Nb6
21. c4 bxc4 22. Rf1 Qxd5 23. Qb4 a5 24. Qc3 Qe4 25. Rfe1 Qg4 26. Kf1 Rf4 27.
Qe3 Raf8 28. Rd2 Bxf3 29. Bxf3 Qxh4 30. Ke2 Rd4 31. g3 Rxd2+ 32. Kxd2 Qd4+
33. Ke2 Qxe3+ 34. Kxe3 d5 35. Rd1 e4 36. Be2 c5 37. Rf1 Re8 38. Kd2 d4 39.
Kc1 e3 40. fxe3 Rxe3 41. Bf3 c3 42. Kc2 cxb2 43. Kxb2 c4 44. Kc2 Na4
{White resigns}
0-1

[Event "ICC Open 2015"]
[Site "Internet Chess Club"]
[Date "2015.05.30"]
[Round "2"]
[White "MoonlightWizard"]
[Black "blackending"]
[Result "1-0"]
[ICCResult "Black resigns"]
[WhiteElo "2950"]
[BlackElo "1710"]
[Opening "Sicilian: Najdorf, Byrne (English) attack"]
[ECO "B90"]
[NIC "SI.14"]
[Time "14:16:34"]
[TimeControl "180+0"]

1. e4 c5 2. Nf3 d6 3. d4 cxd4 4. Nxd4 Nf6 5. Nc3 a6 6. Be3 e6 7. g4 Be7 8.
Rg1 O-O 9. g5 Nfd7 10. h4 Nc6 11. h5 Qc7 12. g6 Nf6 13. Qf3 Ne5 14. Qh1 b5
15. a3 Bd7 16. Be2 Nc4 17. Bxc4 Qxc4 18. gxh7+ Kh8 19. Qg2 Nxh5 20. Qf3 g6
21. Rd1 b4 22. axb4 Qxb4 23. Rh1 Qxb2 24. Nde2 Bf6 25. Rxh5 gxh5 26. Qxf6+
Kxh7 27. Qh6+ Kg8 28. Kd2 e5 29. Rg1+ Bg4 30. Qxh5 f5 31. Qg6+ Kh8 32. Rh1+
{Black resigns}
1-0

[Event "ICC Open 2015"]
[Site "Internet Chess Club"]
[Date "2015.05.30"]
[Round "2"]
[White "BlitzPawn94"]
[Black "gannikus1992"]
[Result "0-1"]
[ICCResult "White resigns"]
[WhiteElo "2687"]
[BlackElo "2183"]
[Opening "Nimzovich-Larsen attack: modern variation"]
[ECO "A01"]
[NIC "VO.08"]
[Time "14:15:01"]
[TimeControl "180+0"]

1. b3 e5 2. Bb2 Nc6 3. e3 g6 4. Bb5 Bg7 5. f4 d6 6. Nf3 Qe7 7. fxe5 dxe5 8.
Bxc6+ bxc6 9. O-O f5 10. d4 e4 11. Ne5 Nf6 12. c4 c5 13. Nc6 Qd6 14. Ne5
cxd4 15. Qxd4 Ng4 16. Qxd6 cxd6 17. Nd3 Bxb2 18. Nxb2 Nxe3 19. Rf2 Ke7 20.
Nc3 Bb7 21. h3 g5 22. Re1 f4 23. Rd2 Rad8 24. Rd4 Nf5 25. Nd5+ Bxd5 26. Rxd5
Ne3 27. Rxg5 Rhg8 28. h4 h6 29. Rxg8 Rxg8 30. Re2 Kf6 31. Na4 Ke5 32. Kh2
Nf1+ 33. Kg1 f3 34. Rb2 Ne3 35. Nc3 Nxg2 36. h5 Nf4+ 37. Kf1 e3 38. Rh2 e2+
39. Kf2 Rg1 40. Nxe2 fxe2 {White resigns} 0-1

[Event "ICC Open 2015"]
[Site "Internet Chess Club"]
[Date "2015.05.30"]
[Round "2"]
[White "ROWLAND"]
[Black "rookfish"]
[Result "1-0"]
[ICCResult "Black forfeits on time"]
[WhiteElo "1724"]
[BlackElo "1144"]
[Opening "Scotch game"]
[ECO "C45"]
[NIC "SO.04"]
[Time "14:15:27"]
[TimeControl "180+0"]

1. e4 e5 2. Nf3 Nc6 3. d4 exd4 4. Nxd4 Nxd4 5. Qxd4 d5 6. exd5 Bd6 7. Nc3
Nf6 8. Bb5+ c6 9. dxc6 Qe7+ 10. Be3 O-O 11. O-O-O Be5 12. Qc5 Qc7 13. g3 Bd6
14. Qxd6 Qxd6 15. Rxd6 a6 16. Ba4 b5 17. Bb3 b4 18. Na4 Ne4 19. Rd4 Bf5 20.
Rhd1 Rac8 21. Bd5 Bg4 22. Bxe4 Bxd1 23. Rxd1 f5 24. Bh1 h6 25. Nc5 Rf6 26.
Nd7 Rg6 27. Ne5 Rf6 28. f4 b3 29. axb3 a5 30. Rd7 g5 31. c7 gxf4 32. Bxf4
{Black forfeits on time}
1-0

[Event "ICC Open 2015"]
[Site "Internet Chess Club"]
[Date "2015.05.30"]
[Round "2"]
[White "Ernani"]
[Black "hAutAjArvi"]
[Result "1-0"]
[ICCResult "Black resigns"]
[WhiteElo "2688"]
[BlackElo "2052"]
[Opening "English: Neo-Catalan"]
[ECO "E08"]
[NIC "RE.11"]
[Time "14:16:29"]
[TimeControl "180+0"]

1. Nf3 Nf6 2. c4 e6 3. g3 d5 4. Bg2 c6 5. O-O Nbd7 6. d4 Be7 7. Qc2 O-O 8.
Rd1 a6 9. b3 b5 10. Nbd2 bxc4 11. bxc4 a5 12. e4 Ba6 13. e5 Ne8 14. c5 f5
15. a4 f4 16. Bh3 fxg3 17. Bxe6+ Kh8 18. hxg3 g6 19. Re1 Ng7 20. Bh3 Bc8 21.
Bg2 Nb8 22. Nb3 Na6 23. Bd2 Nb4 24. Qc3 Rb8 25. Rab1 Bf5 26. Rbc1 Nd3 27.
Nxa5 Qd7 28. e6 Qc7 29. Ne5 Nxe1 30. Bxe1 Bxe6 31. Naxc6 Ra8 32. Nxe7 Qxe7
33. a5 Rfb8 34. Nc6 Qa7 35. Nxa7 Rxa7 36. c6 Rc7 37. Qc5 Rbc8 38. a6
{Black resigns}
1-0

[Event "ICC Open 2015"]
[Site "Internet Chess Club"]
[Date "2015.05.30"]
[Round "2"]
[White "olimpioMD"]
[Black "leonardoalmeida"]
[Result "0-1"]
[ICCResult "White resigns"]
[WhiteElo "1416"]
[BlackElo "1831"]
[Opening "QGD: 3.Nc3"]
[ECO "D31"]
[NIC "QO.17"]
[Time "14:16:07"]
[TimeControl "180+0"]

1. d4 e6 2. c4 d5 3. Nc3 dxc4 4. e4 a6 5. Bxc4 b5 6. Bf1 Bb7 7. Nf3 Nf6 8.
Bd3 Be7 9. Bf4 Nbd7 10. Ne5 O-O 11. Nxd7 Qxd7 12. Be3 b4 13. e5 bxc3 14.
exf6 Bxf6 15. bxc3 Bxg2 16. Rg1 Bc6 17. Qh5 g6 18. Qg4 Bg7 19. h4 e5 20.
Qxd7 Bxd7 21. Rc1 exd4 22. Bxd4 Rfe8+ 23. Kd2 Bh6+ 24. Be3 Bxe3+ 25. fxe3
Re5 26. Rg5 Rae8 27. Rxe5 Rxe5 28. Rg1 h6 29. Bxa6 Ra5 30. Bc4 Kg7 31. Bb3
Rh5 32. Rh1 Bc6 33. Rh2 Be4 34. Rf2 Rxh4 35. Rxf7+ Kh8 36. Rxc7 Rh2+ 37. Kc1
h5 38. Rc8+ Kg7 39. Rg8+ Kh6 40. Rh8+ Kg5 41. Re8 Bf5 42. Re5 Kf6 43. Rd5 h4
44. Rd6+ Kg5 45. Rd4 Rg2 46. Rd1 h3 47. Rh1 Kh4 48. Bd5 Kg3 49. Bxg2 hxg2
50. Rg1 Kh2 51. Re1 g1=Q 52. Rxg1 Kxg1 53. c4 Kf2 54. c5 Kxe3 55. c6 g5 56.
c7 g4 57. a4 g3 58. a5 g2 59. a6 g1=Q+ 60. Kb2 Qb1+ 61. Kc3 Qa1+ 62. Kb3
Qxa6 {White resigns} 0-1

[Event "ICC Open 2015"]
[Site "Internet Chess Club"]
[Date "2015.05.30"]
[Round "2"]
[White "triumphant1"]
[Black "podkarpacki"]
[Result "1-0"]
[ICCResult "Black forfeits on time"]
[WhiteElo "2142"]
[BlackElo "1450"]
[Opening "Queen's pawn"]
[ECO "A40"]
[NIC "QO.17"]
[Time "14:16:10"]
[TimeControl "180+0"]

1. d4 e6 2. Nf3 d5 3. Bf4 Nf6 4. e3 c5 5. c3 Be7 6. Bd3 O-O 7. Nbd2 a6 8.
O-O Nc6 9. a4 Bd7 10. Ne5 Rc8 11. Ndf3 Nxe5 12. Nxe5 Bc6 13. h3 Ne4 14. f3
Nf6 15. Qe2 Nd7 16. Nxc6 Rxc6 17. e4 cxd4 18. cxd4 dxe4 19. Qxe4 Nf6 20. Qe2
Qxd4+ 21. Be3 Qd8 22. Rfd1 Rd6 23. Bf4 Rd5 24. Be5 Qb6+ 25. Kh1 Qc5 26. Rac1
Qb6 27. Bc7 Qb3 28. Bc2 Rxd1+ 29. Rxd1 Qb4 30. Be5 Nd5 31. Qd3 g6 32. Qd2
{Black forfeits on time}
1-0

[Event "ICC Open 2015"]
[Site "Internet Chess Club"]
[Date "2015.05.30"]
[Round "2"]
[White "Estocolmov"]
[Black "Volkov"]
[Result "0-1"]
[ICCResult "White resigns"]
[WhiteElo "2277"]
[BlackElo "2981"]
[Opening "QGD Slav defense"]
[ECO "D10"]
[NIC "SL.01"]
[Time "14:15:49"]
[TimeControl "180+0"]

1. d4 d5 2. c4 c6 3. Nc3 Nf6 4. Bg5 dxc4 5. e4 b5 6. e5 Nd5 7. Nf3 h6 8. Bd2
e6 9. Be2 Bb7 10. O-O Nd7 11. a4 a6 12. Ne4 c5 13. b3 cxb3 14. axb5 b2 15.
Rb1 cxd4 16. Rxb2 Nc5 17. bxa6 Bxa6 18. Bxa6 Rxa6 19. Nxd4 Nxe4 20. Qe2 Ba3
21. Ra2 Nxd2 22. Qxa6 Nxf1 23. Qc6+ Kf8 24. Rxa3 Ne7 25. Ra8 Nxc6
{White resigns}
0-1

[Event "ICC Open 2015"]
[Site "Internet Chess Club"]
[Date "2015.05.30"]
[Round "2"]
[White "NFork"]
[Black "ShcherbinMatvei"]
[Result "0-1"]
[ICCResult "White resigns"]
[WhiteElo "2160"]
[BlackElo "2751"]
[Opening "Nimzovich-Larsen attack: modern variation"]
[ECO "A01"]
[NIC "VO.08"]
[Time "14:16:17"]
[TimeControl "180+0"]

1. b3 e5 2. Bb2 Nc6 3. e3 Nf6 4. Nf3 d6 5. c4 Be7 6. Nc3 O-O 7. d4 exd4 8.
Nxd4 d5 9. cxd5 Nxd5 10. Nxc6 bxc6 11. Be2 Bf6 12. Qc1 Be6 13. O-O Qe7 14.
Rd1 Rad8 15. Ne4 Bxb2 16. Qxb2 f5 17. Nd2 f4 18. e4 Bf7 19. Bc4 Nf6 20.
Bxf7+ Rxf7 21. f3 Qc5+ 22. Kf1 Rfd7 23. Rac1 Qh5 24. Kg1 Qb5 25. Qc3 Qe2 26.
Qxc6 Rxd2 27. Rxd2 Rxd2 28. Qa8+ Kf7 29. Rxc7+ Kg6 {White resigns} 0-1

[Event "ICC Open 2015"]
[Site "Internet Chess Club"]
[Date "2015.05.30"]
[Round "2"]
[White "Red-white"]
[Black "flinkfinger"]
[Result "1-0"]
[ICCResult "Black resigns"]
[WhiteElo "3134"]
[BlackElo "2338"]
[Opening "English: Nimzo-English opening"]
[ECO "A05"]
[NIC "EO.58"]
[Time "14:15:42"]
[TimeControl "180+0"]

1. Nf3 Nf6 2. c4 e6 3. Nc3 Bb4 4. Qc2 O-O 5. a3 Bxc3 6. Qxc3 d5 7. e3 b6 8.
b4 Bb7 9. Bb2 c5 10. bxc5 bxc5 11. cxd5 Qxd5 12. Be2 Nc6 13. O-O Rac8 14.
Rac1 Ne7 15. Rfd1 Qh5 16. Qe5 Qxe5 17. Nxe5 Rfd8 18. f3 Nd7 19. Nc4 Nb6 20.
Na5 Ba8 21. Kf2 Nc6 22. Nxc6 Rxc6 23. d4 cxd4 24. Rxc6 Bxc6 25. Bxd4 f6 26.
Rc1 Ba4 27. Rc7 Rd7 28. Rxd7 Bxd7 29. Bc5 Kf7 30. Bd6 Bc8 31. Bb8 a6 32. e4
e5 33. Ba7 Na4 34. Bc4+ Ke7 35. Bb3 Bd7 36. Ke3 Nc3 37. Bc5+ Ke8 38. Kd3 Nb5
39. a4 Nc7 40. Kc3 Ne6 41. Be3 Kd8 42. Kb4 Kc7 43. Ka5 Kb7 44. Bd5+ Bc6 45.
Bxe6 {Black resigns} 1-0

[Event "ICC Open 2015"]
[Site "Internet Chess Club"]
[Date "2015.05.30"]
[Round "2"]
[White "PITCHUS"]
[Black "BennieHill"]
[Result "1-0"]
[ICCResult "Black forfeits on time"]
[WhiteElo "1876"]
[BlackElo "1206"]
[Opening "Réti opening"]
[ECO "A04"]
[NIC "QP.11"]
[Time "14:15:17"]
[TimeControl "180+0"]

1. Nf3 d6 2. g3 e5 3. Bg2 Nc6 4. O-O Nf6 5. c4 Be7 6. Nc3 Bd7 7. d4 e4 8.
Ng5 h6 9. Ngxe4 Nxe4 10. Nxe4 O-O 11. b3 a6 12. Bb2 Na7 13. Nc3 c6 14. d5 c5
15. Qd2 Bf6 16. Ne4 Bxb2 17. Qxb2 Bf5 18. Qd2 Nc8 19. Nc3 Qd7 20. e4 Bh3 21.
Qf4 Bxg2 22. Kxg2 Ne7 23. Rae1 Ng6 24. Qf5 Qxf5 25. exf5 Ne5 26. f4 Ng4 27.
Re7 Rae8 28. Rfe1 Rxe7 29. Rxe7 Nf6 30. Rxb7 Re8 31. Kf3 Re1 32. Ne2 Ra1 33.
a4 a5 34. g4 Rh1 35. g5 Nh5 36. Ng3 Nxg3 37. Kxg3 Rg1+ 38. Kf2 Rh1 39. Kg2
Rc1 40. gxh6 gxh6 41. Rb6 Rc2+ 42. Kg3 Rc3+ 43. Kg4 Kg7 44. Rxd6 Rxb3 45.
Rc6 Rb4 46. Rxc5 Rxa4 47. d6 Ra1 48. d7 Rd1 49. Rd5 {Black forfeits on time}
1-0

[Event "ICC Open 2015"]
[Site "Internet Chess Club"]
[Date "2015.05.30"]
[Round "2"]
[White "a-rubinstein"]
[Black "bjerky"]
[Result "1-0"]
[ICCResult "Black checkmated"]
[WhiteElo "2137"]
[BlackElo "1670"]
[Opening "Queen's Indian: anti-Queen's Indian system"]
[ECO "E17"]
[NIC "QI.07"]
[Time "14:15:26"]
[TimeControl "180+0"]

1. d4 Nf6 2. c4 e6 3. Nf3 b6 4. g3 Bb7 5. Bg2 Be7 6. Nc3 O-O 7. Qc2 d5 8.
Bg5 Nbd7 9. Ne5 h6 10. Nxd7 Qxd7 11. Bxf6 Bxf6 12. cxd5 exd5 13. Rd1 a6 14.
O-O Rfd8 15. e3 Qe6 16. Rfe1 Rac8 17. Qb3 Ba8 18. h4 Rd7 19. Kh2 Rcd8 20.
Bh3 Qd6 21. Bxd7 Qxd7 22. e4 dxe4 23. Nxe4 Bxd4 24. Qc4 c5 25. b4 Qf5 26.
bxc5 Bxe4 27. Rxd4 Qxf2+ 28. Kh3 Qxd4 29. Rxe4 Qxc4 30. Rxc4 bxc5 31. Rxc5
Rd2 32. Ra5 Kh7 33. Rxa6 f5 34. h5 Kg8 35. Ra7 Kf8 36. a4 Ra2 37. a5 Ke8 38.
Rxg7 Kd8 39. Rg6 Rxa5 40. Rxh6 Ke7 41. Rb6 Re5 42. Kh4 Kf7 43. h6 Kg8 44.
Kg5 Rc5 45. Rf6 Kh7 46. Rxf5 Rxf5+ 47. Kxf5 Kxh6 48. g4 Kg7 49. Kg5 Kf7 50.
Kh6 Kg8 51. Kg6 Kf8 52. Kh7 Kf7 53. g5 Kf8 54. g6 Ke7 55. g7 Kf7 56. g8=Q+
Kf6 57. Qd5 Ke7 58. Kg6 Kf8 59. Qb7 Ke8 60. Kf6 Kd8 61. Ke6 Ke8 62. Qe7#
{Black checkmated}
1-0

[Event "ICC Open 2015"]
[Site "Internet Chess Club"]
[Date "2015.05.30"]
[Round "2"]
[White "want2win"]
[Black "Doondoon"]
[Result "1-0"]
[ICCResult "Black resigns"]
[WhiteElo "2418"]
[BlackElo "1787"]
[Opening "Sicilian defense"]
[ECO "B27"]
[NIC "SI.43"]
[Time "14:16:04"]
[TimeControl "180+0"]

1. e4 c5 2. Nf3 f5 3. exf5 Nf6 4. d4 d5 5. dxc5 Bxf5 6. c4 e6 7. cxd5 exd5
8. Bb5+ Nc6 9. O-O Be7 10. Nd4 Bd7 11. Bxc6 bxc6 12. Bg5 O-O 13. Qc2 Ne4 14.
Bxe7 Qxe7 15. Nb3 a5 16. a4 Bf5 17. Qc1 Rfb8 18. Nd4 Bd7 19. Nd2 Nxc5 20.
Re1 Qd6 21. N2f3 Ne4 22. Ng5 Nxg5 23. Qxg5 Re8 24. Nf5 Bxf5 25. Qxf5 Rab8
26. Rxe8+ Rxe8 27. h3 Qe5 28. Qxe5 Rxe5 29. Rc1 Re6 30. Rc5 Re2 31. Rxc6
Rxb2 32. Rc5 Rd2 33. Rxa5 d4 34. Rd5 d3 35. Kh2 Rxf2 36. Rxd3 Ra2 37. Rd4
Kf7 38. Kg3 Ke6 39. Kf3 Ke5 40. Rb4 Ra3+ 41. Kg4 g6 42. g3 Kf6 43. Rb6+ Ke5
44. Ra6 Kd5 45. Kf4 Rc3 46. Ra7 Rc4+ 47. Kg5 Rc3 48. Kh4 Rc4+ 49. g4 Ke6 50.
Rxh7 Rxa4 51. Kg5 {Black resigns} 1-0

[Event "ICC Open 2015"]
[Site "Internet Chess Club"]
[Date "2015.05.30"]
[Round "2"]
[White "pawninthegrass"]
[Black "Babaliyev"]
[Result "0-1"]
[ICCResult "White forfeits on time"]
[WhiteElo "1656"]
[BlackElo "1971"]
[Opening "Benko's opening"]
[ECO "A00"]
[NIC "VO.09"]
[Time "14:15:07"]
[TimeControl "180+0"]

1. g3 c5 2. Bg2 d5 3. d4 Nf6 4. c3 Nc6 5. Bg5 cxd4 6. cxd4 Qb6 7. Nf3 Bf5 8.
e3 Ne4 9. Bf4 e5 10. dxe5 Bb4+ 11. Nbd2 O-O 12. O-O Rad8 13. Nb3 Be7 14.
Nfd4 g5 15. Nxf5 gxf4 16. Qg4+ Ng5 17. h4 Kh8 18. hxg5 Nxe5 19. Qh5 Qg6 20.
Qxg6 Nxg6 21. Nxe7 Nxe7 22. gxf4 a5 23. Rfd1 a4 24. Nc5 b6 25. Nd3 f6 26.
gxf6 Rxf6 27. Ne5 Rg8 28. Kf1 Rh6 29. Nf7+ Kg7 30. Nxh6 Kxh6 31. Bxd5 Rd8
32. Ke2 Nxd5 33. Kf3 Rd7 34. e4 Nf6 35. Rxd7 Nxd7 36. Rh1+ Kg6 37. Rd1 Nc5
38. Rd6+ Kg7 39. Rxb6 Nd3 40. Ra6 Nxb2 41. Rxa4 Nxa4 42. f5 Kf6 43. Kf4 Nc3
44. e5+ Kf7 45. e6+ Kf6 46. Kg4 Nd5 47. Kh5 Kg7 {White forfeits on time} 0-1

[Event "ICC Open 2015"]
[Site "Internet Chess Club"]
[Date "2015.05.30"]
[Round "2"]
[White "BlueGreen"]
[Black "Qualm"]
[Result "1-0"]
[ICCResult "Black forfeits on time"]
[WhiteElo "2610"]
[BlackElo "1706"]
[Opening "Scandinavian: Pytel-Wade variation"]
[ECO "B01"]
[NIC "SD.02"]
[Time "14:15:53"]
[TimeControl "180+0"]

1. e4 d5 2. exd5 Qxd5 3. Nc3 Qd6 4. d4 Nf6 5. Nf3 a6 6. Bc4 b5 7. Bb3 Bb7 8.
O-O e6 9. Re1 Be7 10. Bg5 O-O 11. Qd2 Nbd7 12. Rad1 Qb6 13. Ne5 Rad8 14.
Nxf7 Rxf7 15. Rxe6 Bd6 16. Rde1 Kf8 17. Qe2 Qxd4 18. Re3 h6 19. Rd1 Qc5 20.
Bh4 Re7 21. Rxe7 Bxe7 22. Qe6 Ne5 23. Rxd8+ Bxd8 24. Bg3 Qc6 25. Qxc6 Nxc6
26. Bd6+ cxd6 27. Nd5 {Black forfeits on time} 1-0

[Event "ICC Open 2015"]
[Site "Internet Chess Club"]
[Date "2015.05.30"]
[Round "2"]
[White "AnpedODV"]
[Black "vasek"]
[Result "0-1"]
[ICCResult "White checkmated"]
[WhiteElo "1683"]
[BlackElo "1255"]
[Opening "Sicilian: Canal-Sokolsky (Nimzovich-Rossolimo, Moscow) attack"]
[ECO "B51"]
[NIC "SI.01"]
[Time "14:15:09"]
[TimeControl "180+0"]

1. e4 c5 2. Nf3 d6 3. Bb5+ Nd7 4. d4 cxd4 5. Qxd4 a6 6. Bxd7+ Bxd7 7. c4 e5
8. Qd3 b5 9. Nc3 bxc4 10. Qxc4 h6 11. O-O Nf6 12. Rd1 Be7 13. b3 O-O 14. Qd3
Qa5 15. Bd2 Qc7 16. Rac1 Qb7 17. Be1 Be6 18. Nd2 d5 19. Nxd5 Nxd5 20. exd5
Bxd5 21. Nc4 Bxg2 22. Qg3 Bf3 23. Bd2 Kh7 24. Re1 e4 25. Bf4 Bf6 26. Be5 Bg5
27. Bf4 Bxf4 28. Qxf4 f5 29. Ne5 Rf6 30. Nxf3 exf3 31. Kh1 Rc8 32. Rcd1 Rc2
33. Qe3 Rxa2 34. Rg1 Re2 35. Qd4 Re4 36. Qc5 Rg4 37. b4 Qe4 38. Rde1 Rfg6
39. Rgf1 Qf4 40. Qe3 Qxe3 41. Rxe3 Rxb4 42. Rxf3 Rb5 43. Ra3 a5 44. h3 Re6
45. Kh2 Re2 46. Kg2 Kg6 47. Kf3 Reb2 48. h4 R2b3+ 49. Rxb3 Rxb3+ 50. Kf4
Rb4+ 51. Ke5 Rxh4 52. Ra1 a4 53. Ra3 Re4+ 54. Kd5 h5 55. f3 Rf4 56. Ke5 Rb4
57. f4 h4 58. Ke6 Rxf4 59. Ra1 h3 60. Rh1 Rh4 61. Rg1+ Kh6 62. Kxf5 h2 63.
Rh1 a3 64. Ke5 a2 65. Kf5 a1=Q 66. Ke6 Qxh1 67. Kf7 Qf3+ 68. Kg8 Re4 69. Kh8
Re8# {White checkmated} 0-1

[Event "ICC Open 2015"]
[Site "Internet Chess Club"]
[Date "2015.05.30"]
[Round "2"]
[White "Kastor"]
[Black "gbray"]
[Result "1-0"]
[ICCResult "Black checkmated"]
[WhiteElo "2902"]
[BlackElo "2223"]
[Opening "Sicilian: Nimzovich-Rossolimo attack (without ...d6)"]
[ECO "B30"]
[NIC "SI.31"]
[Time "14:16:21"]
[TimeControl "180+0"]

1. e4 c5 2. Nf3 Nc6 3. Bb5 d6 4. Bxc6+ bxc6 5. O-O Bg4 6. h3 Bh5 7. e5 e6 8.
exd6 Bxd6 9. Nc3 Nf6 10. Qe2 O-O 11. Ne4 Nd5 12. Nxd6 Qxd6 13. d3 Rab8 14.
a3 Rfe8 15. Qe5 Qxe5 16. Nxe5 Rbc8 17. Nd7 c4 18. dxc4 Nb6 19. Nxb6 axb6 20.
Be3 c5 21. b3 Bg6 22. Rfc1 Ra8 23. a4 Rec8 24. Kf1 h6 25. Ke2 e5 26. Kd2 f6
27. Kc3 f5 28. f3 e4 29. fxe4 fxe4 30. Rd1 Bf7 31. Rd6 Rab8 32. Rad1 Rb7 33.
Rd7 Rcb8 34. Bf4 Rxd7 35. Rxd7 Re8 36. Kd2 Re6 37. Ke3 g5 38. Bg3 Rf6 39.
Rd6 Rf1 40. Rxb6 Rc1 41. Rxh6 Rxc2 42. Be5 Rxg2 43. Rh8# {Black checkmated}
1-0

[Event "ICC Open 2015"]
[Site "Internet Chess Club"]
[Date "2015.05.30"]
[Round "2"]
[White "Smokie"]
[Black "Lzmann"]
[Result "0-1"]
[ICCResult "White checkmated"]
[WhiteElo "1434"]
[BlackElo "1832"]
[Opening "King's Indian defense, 3.Nc3"]
[ECO "E61"]
[NIC "EO.64"]
[Time "14:16:04"]
[TimeControl "180+0"]

1. c4 Nf6 2. Nc3 g6 3. d4 Bg7 4. Nf3 O-O 5. Bg5 h6 6. Bd2 d6 7. e3 c5 8. d5
e6 9. dxe6 Bxe6 10. Bd3 d5 11. cxd5 Nxd5 12. Nxd5 Bxd5 13. Bc3 Bxc3+ 14.
bxc3 Bxf3 15. gxf3 Qf6 16. Qb3 b6 17. Be4 Nd7 18. Bxa8 Rxa8 19. f4 Re8 20.
O-O-O Qc6 21. Qd5 Qxd5 22. Rxd5 Nf6 23. Re5 Rd8 24. Rd1 Rc8 25. Rd6 Ng4 26.
Red5 Nxh2 27. Rd8+ Rxd8 28. Rxd8+ Kg7 29. Rd7 Ng4 30. Rxa7 h5 31. Kd2 Nxf2
32. Rb7 h4 33. Ke2 Ne4 34. Kd3 h3 35. Rxb6 h2 36. Ke2 h1=Q 37. Rxg6+ fxg6
38. f5 gxf5 39. c4 Qh2+ 40. Kd3 Qd2# {White checkmated} 0-1

[Event "ICC Open 2015"]
[Site "Internet Chess Club"]
[Date "2015.05.30"]
[Round "2"]
[White "legatus"]
[Black "Darnoc"]
[Result "0-1"]
[ICCResult "White forfeits on time"]
[WhiteElo "2288"]
[BlackElo "2988"]
[Opening "French: exchange variation"]
[ECO "C01"]
[NIC "FR.01"]
[Time "14:16:28"]
[TimeControl "180+0"]

1. e4 e6 2. d4 d5 3. exd5 exd5 4. Nf3 Bd6 5. c4 c6 6. Nc3 Ne7 7. Be2 O-O 8.
c5 Bc7 9. O-O Bg4 10. h3 Bh5 11. Bg5 Nd7 12. Qd2 f6 13. Bf4 Re8 14. Rfe1 Ba5
15. a3 Nf8 16. g4 Bf7 17. Bd3 Neg6 18. Bh2 Bc7 19. b4 Bxh2+ 20. Nxh2 Qc7 21.
Ne2 Ne6 22. Bxg6 Bxg6 23. f4 Be4 24. Rf1 f5 25. Ng3 g5 26. Nxf5 Nxf4 27.
Rxf4 Qxf4 28. Qxf4 gxf4 29. Rf1 Bxf5 30. gxf5 Re4 31. Nf3 Rf8 32. Kf2 Rxf5
33. Rg1+ Kf8 34. Ng5 Re7 35. h4 f3 36. Nxf3 Re4 37. Rg4 Rxg4 38. Ke2 Re4+
39. Kf2 Ref4 40. Ke2 Rxf3 41. Kd2 Rg3 42. Ke2 Rff3 43. Kd2 Rxa3 44. Kc2 Ra2+
45. Kb1 Rh2 {White forfeits on time} 0-1

[Event "ICC Open 2015"]
[Site "Internet Chess Club"]
[Date "2015.05.30"]
[Round "2"]
[White "EREBUNI"]
[Black "SurferRosa"]
[Result "1-0"]
[ICCResult "Black resigns"]
[WhiteElo "3058"]
[BlackElo "2317"]
[Opening "Ruy Lopez: Exchange variation doubly deferred (DERLD)"]
[ECO "C85"]
[NIC "RL.14"]
[Time "14:15:29"]
[TimeControl "180+0"]

1. e4 e5 2. Nf3 Nc6 3. Bb5 a6 4. Ba4 Nf6 5. O-O Be7 6. Bxc6 dxc6 7. d3 Nd7
8. Nbd2 O-O 9. Nc4 f6 10. Nh4 Nc5 11. Nf5 Bxf5 12. exf5 Qd5 13. Be3 Rad8 14.
Qg4 Kh8 15. b3 Rfe8 16. Nd2 Bf8 17. f3 Qf7 18. h4 b6 19. h5 Nb7 20. Ne4 Nd6
21. a4 Qd7 22. Ng3 a5 23. h6 gxh6 24. Kf2 Qg7 25. Qh4 Be7 26. Rh1 Rg8 27.
Bxh6 Qxg3+ 28. Qxg3 Rxg3 29. Kxg3 Nxf5+ 30. Kf2 Bc5+ 31. Ke1 Nd4 32. Kd1 Rg8
33. c3 Nf5 34. g4 Ne7 35. Ke2 Ng6 36. Rh5 Rd8 37. Rah1 Kg8 38. Bd2 Rd7 39.
g5 f5 40. Rh6 e4 41. fxe4 fxe4 42. d4 Bd6 43. Rf1 Kg7 44. Rh3 c5 45. Be3
{Black resigns}
1-0

[Event "ICC Open 2015"]
[Site "Internet Chess Club"]
[Date "2015.05.30"]
[Round "2"]
[White "Ramanip15"]
[Black "MJXII"]
[Result "0-1"]
[ICCResult "White checkmated"]
[WhiteElo "1839"]
[BlackElo "1518"]
[Opening "Ruy Lopez: Anderssen variation"]
[ECO "C77"]
[NIC "RL.12"]
[Time "14:15:45"]
[TimeControl "180+0"]

1. e4 e5 2. Nf3 Nc6 3. Bb5 a6 4. Ba4 Nf6 5. d3 b5 6. Bb3 Be7 7. c3 O-O 8.
Nbd2 d5 9. Qe2 Bb7 10. h3 Na5 11. Bc2 Bd6 12. O-O c5 13. Re1 d4 14. Nf1 Rc8
15. Ng3 Nc6 16. Nf5 Ne7 17. Nxd6 Qxd6 18. Bg5 Ng6 19. a4 h6 20. Bd2 Nh5 21.
g3 Nf6 22. axb5 axb5 23. Ra7 Qb6 24. Rea1 Ra8 25. Rxa8 Rxa8 26. Rxa8+ Bxa8
27. h4 Qd6 28. h5 Nf8 29. Nh4 Ne6 30. Nf5 Qd7 31. Qd1 c4 32. Qa1 Bc6 33. Qa5
cxd3 34. Bxd3 dxc3 35. Bxc3 Qxd3 36. Ne7+ Kh7 37. Nxc6 Qd1+ 38. Kg2 Ng4 39.
Qxb5 Qc2 40. Qd5 Qxf2+ 41. Kh3 Ng5+ 42. Kxg4 Qf3+ 43. Kh4 Qh1+ 44. Kg4 Qh3#
{White checkmated}
0-1